 Dungeon Sprint DCSS version 0.27-a0-448-gace5c5693b (webtiles) character file.

Game seed: 10964899089023802399

0 mhtbhm the Shield-Bearer (level 1, -1/30 HPs)
             Began as a Minotaur Fighter on Feb 27, 2021.
             Was an Initiate of Trog.
             Slain by a gnoll sergeant
             ... wielding a +0 spear of distortion
              (5 damage)
             ... in the Dungeon (Sprint VII: "The Pits").
             The game lasted 00:00:15 (37 turns).

mhtbhm the Shield-Bearer (Minotaur Fighter)           Turns: 37, Time: 00:00:16

Health: -1/30      AC:  7    Str: 20    XL:     1   Next: 8%
Magic:  0/0        EV:  7    Int:  5    God:    Trog [......]
Gold:   0          SH:  9    Dex:  9    Spells: 0/0 levels left

rFire    . . .     SeeInvis .   a - +0 war axe
rCold    . . .     Faith    .   c - +0 kite shield
rNeg     . . .     Spirit   .   b - +0 scale mail
rPois    .         Reflect  .   (helmet restricted)
rElec    .         Harm     .   (no cloak)
rCorr    .         Rampage  .   (no gloves)
Will     .....     NoTele   +   (no boots)
Stlth    ..........             (no amulet)
HPRegen  0.10/turn              (no ring)
MPRegen  0.07/turn              (no ring)

@: berserking, very quick
A: retaliatory headbutt, horns 2
a: Renounce Religion


You were in the Dungeon.
You worshipped Trog.
Trog was noncommittal.
You visited 1 branch

Inventory:

Hand Weapons
 a - a +0 war axe (weapon)
Armour
 b - a +0 scale mail (worn)
 c - a +0 kite shield (worn)
Scrolls
 j - a scroll of blinking
Potions
 d - a potion of might
 e - a potion of curing
 f - a potion of heal wounds
 g - a potion of haste
 h - 2 potions of magic


   Skills:
 + Level 3.8 Fighting
 + Level 2.5 Axes
 + Level 3.8 Armour
 + Level 3.8 Shields


You couldn't memorise any spells.
You didn't know any spells.
Your spell library was empty.

Dungeon Overview and Level Annotations

Branches:
Dungeon (1/1)

Altars:
Cheibriados
Dithmenos
Elyvilon
Fedhas
Gozag
Hepliaklqana
Makhleb
Nemelex Xobeh
Okawaru
Qazlal
Ru
Sif Muna
Trog
Vehumet
Wu Jian
Xom
Yredelemnul
Zin
The Shining One
Beogh
Jiyva
Lugonu


Innate Abilities, Weirdness & Mutations

You reflexively headbutt those who attack you in melee.
You have a pair of horns on your head.


Message History

A gnoll comes into view. It is wielding a +0 club.
You close the huge gate.
You open the huge gate.
The gnoll sergeant shouts!
The gnoll shouts!
A gnoll comes into view.
Okay, then.
An ice devil comes into view.
A hornet comes into view.
You open the door.
A rat comes into view.
You block the rat's attack.
There is an open door to the Storerooms (Easy) here.
The hornet buzzes angrily.
You slash the rat!
You kill the rat!
You hear a shout!
The gnoll hits you from afar with a +0 halberd!
Ouch! That really hurt!
The gnoll closely misses you.
You open the door. The gnoll barely misses you.
Found five altars.
Found fourteen altars.
There is an open door to the Temple (Safe) here.
Found three altars.
There is a bloodstained altar of Trog here.
You kneel at the altar of Trog.
Trog welcomes you!
A red film seems to cover your vision as you go berserk!
You feel yourself moving faster!
You feel mighty! The gnoll barely misses you.
You feel a strong urge to attack something.
You barely miss the gnoll. The gnoll hits you with a +0 halberd.
The gnoll sergeant barely misses you.
You slash the gnoll!
The gnoll is severely wounded.
The gnoll hits you with a +0 halberd!
* * * LOW HITPOINT WARNING * * *
The gnoll sergeant hits you from afar with a +0 spear of distortion.
* * * LOW HITPOINT WARNING * * *
Space bends around you.
You die...

########## ________.#
________.#
______..@###########++###
########g##..............
gg##......#..#....
######g##...y..........
.......y.'.gg...........
####+#####.g....#..#....
#..............
####'#####gy###
#.......##''#


You could see a hornet, a gnoll sergeant and 3 gnolls.

Vanquished Creatures
  A rat (D)
1 creature vanquished.

Notes
Turn   | Place    | Note
-------+----------+-------------------------------------------
     0 | D        | mhtbhm the Minotaur Fighter began the quest for the Orb.
     0 | D        | Reached XP level 1. HP: 19/19 MP: 0/0
    11 | D        | Noticed a gnoll sergeant
    14 | D        | Noticed an ice devil
    19 | D        | Noticed a hornet
    29 | D        | Found a bloodstained altar of Trog.
    29 | D        | Found a shimmering blue altar of Sif Muna.
    29 | D        | Found a viscous altar of Jiyva.
    29 | D        | Found a hazy altar of Hepliaklqana.
    29 | D        | Found an opulent altar of Gozag.
    30 | D        | Found a glowing golden altar of the Shining One.
    30 | D        | Found a glowing silver altar of Zin.
    30 | D        | Found a basalt altar of Yredelemnul.
    30 | D        | Found a shimmering altar of Xom.
    30 | D        | Found an ornate altar of the Wu Jian Council.
    30 | D        | Found a sacrificial altar of Ru.
    30 | D        | Found a stormy altar of Qazlal.
    30 | D        | Found an iron altar of Okawaru.
    30 | D        | Found a sparkling altar of Nemelex Xobeh.
    30 | D        | Found a burning altar of Makhleb.
    30 | D        | Found a blossoming altar of Fedhas.
    30 | D        | Found a white marble altar of Elyvilon.
    30 | D        | Found a shadowy altar of Dithmenos.
    30 | D        | Found a snail-covered altar of Cheibriados.
    31 | D        | Found a radiant altar of Vehumet.
    31 | D        | Found a corrupted altar of Lugonu.
    31 | D        | Found a roughly hewn altar of Beogh.
    33 | D        | Became a worshipper of Trog the Wrathful
    37 | D        | Slain by a gnoll sergeant

Illustrated notes

Levels and vault maps discovered:
D:        pitsprint [storerooms_1, entrance_room_1, metal_vault_3, armoury_3,
          mini_pit_1, grid_room_1, main_hall_1, silver_pit, the_coven_1,
          the_vestibule_1, steel_vault_4, golden_pit, hallway_of_sentries,
          crystal_vault_6, iron_vault_1, final_vault]

Action                   || total
-------------------------++-------
Melee: War axe           ||     3
  Use: Potion            ||     1
Dodge: Dodged            ||     4
Block: Kite shield       ||     1

Table legend: (Time is in decaauts)
 A = Elapsed time spent in this place.
 B = Non-inter-level travel time spent in this place.
 C = Inter-level travel time spent in this place.
 D = Time resting spent in this place.
 E = Time spent auto-exploring this place.
 F = Levels seen in this place.
 G = Mean time per level.
                   A        B        C        D        E       F      G
               +--------+--------+--------+--------+--------+-----+--------+
         Total |     37 |     37 |      0 |      0 |     11 |   1 |   37.0 |
       Dungeon |     37 |     37 |      0 |      0 |     11 |   1 |   37.0 |
               +--------+--------+--------+--------+--------+-----+--------+

Top non-repeatable levels by time:
       D: 37 daAuts
